 Dungeon Crawl Stone Soup version 0.29.1-4-g47bece8355 (webtiles) character file.

Game seed: 153949359191976134

4785 CungeonDrawl the Fighter (level 10, -8/81 HPs)
             Began as a Djinni Fire Elementalist on Dec 6, 2022.
             Mangled by a very large slime creature (39 damage)
             ... on level 8 of the Dungeon.
             The game lasted 01:11:09 (8506 turns).

CungeonDrawl the Fighter (Djinni Fire Elementalist) Turns: 8506, Time: 01:11:09

Health: -8/81      AC:  9    Str:  7    XL:     10   Next: 76%
Gold:   232        EV: 11    Int: 23    God:
                   SH:  6    Dex: 22

rFire   + + .      SeeInvis .   u - +10 rapier of the Priest {spect, +Blink Dex+5}
rCold   . . .      Faith    .   v - +0 buckler
rNeg    . . .      Spirit   .   C - +0 acid dragon scales
rPois   ∞          Reflect  .   y - +1 hat
rElec   .          Harm     .   (no cloak)
rCorr   +          Rampage  .   L - +0 pair of gloves
Will    +....                   (boots unavailable)
Stlth   +++.......              k - amulet of regeneration
HPRegen 1.03/turn               z - ring of Sibiliq {rC+ Int+3 Dex+2 Stlth+}
MPRegen 0.00/turn               (no ring)

@: flying
A: sickness immunity, fire resistance 2, cold vulnerability 1, float, innate
caster, HP casting, extra vitality 1
a: Evoke Blink


You were on level 8 of the Dungeon.
You visited 2 branches of the dungeon, and saw 9 of its levels.
You also visited: Sewer.

You collected 493 gold pieces.
You spent 261 gold pieces at shops.

Inventory:

Hand Weapons
 u - the +10 rapier of the Priest (weapon) {spect, +Blink Dex+5}
   (You found it on level 5 of the Dungeon)

   When its wielder attacks, the weapon's spirit leaps out and strikes again.
   The spirit shares a part of any damage it takes with its wielder.
   Dex:       It affects your dexterity (+5).
   +Blink:    It lets you blink.
Missiles
 m - 2 curare-tipped darts
 K - a throwing net
Armour
 a - +0 steam dragon scales
 v - a +0 buckler (worn)
 y - a +1 hat (worn)
 C - +0 acid dragon scales (worn)
 L - a +0 pair of gloves (worn)
Magical Staves
 e - a staff of earth
Jewellery
 k - an amulet of regeneration (around neck)
 z - the ring of Sibiliq (left hand) {rC+ Int+3 Dex+2 Stlth+}
   (You bought it in a shop on level 3 of the Dungeon)

   [ring of dexterity]

   Int:       It affects your intelligence (+3).
   Dex:       It affects your dexterity (+2).
   rC:        It protects you from cold.
   Stlth:     It makes you more stealthy.
 F - an amulet of reflection
Wands
 x - a wand of flame (14)
 A - a wand of polymorph (14)
 E - a wand of roots (8)
Scrolls
 d - 2 scrolls of identify
 h - a scroll of torment {unknown}
 j - 2 scrolls of immolation
 l - a scroll of butterflies
 o - a scroll of amnesia {unknown}
 p - a scroll of noise
 t - a scroll of silence {unknown}
 w - a scroll of enchant weapon
 G - a scroll of summoning {unknown}
 I - a scroll of blinking
Potions
 b - 3 potions of flight
 c - 5 potions of curing
 f - a potion of cancellation {unknown}
 i - 2 potions of lignification {unknown}
 n - 3 potions of brilliance {unknown}
 q - 2 potions of degeneration {unknown}
 r - a potion of heal wounds
 s - 2 potions of mutation {unknown}
 B - a potion of invisibility {unknown}
 D - a potion of haste {unknown}
 H - a potion of might {unknown}
 J - a potion of magic {unknown}


   Skills:
 * Level 10.5 Fighting
 - Level 4.0 Armour
 - Level 2.3 Dodging
 - Level 1.7 Stealth
 - Level 4.0 Shields
 - Level 7.2 Spellcasting


You had 2 spell levels left.
You knew the following spells:

 Your Spells              Type           Power      Damage    Failure   Level
a - Foxfire               Conj/Fire      100%       2x1d9     1%          1
b - Scorch                Fire           82%        2d9       1%          2
c - Conjure Flame         Conj/Fire      41%        6-21      2%          3
d - Inner Flame           Hex/Fire       41%        N/A       2%          3
e - Flame Wave            Conj/Fire      41%        2d11      9%          4
f - Necrotise             Necr           100%       1d9       1%          1
g - Poisonous Vapours     Pois/Air       82%        N/A       1%          2
h - Static Discharge      Conj/Air       41%        3-9/arc   1%          2
i - Portal Projectile     Hex/Tloc       82%        N/A       2%          3
Your spell library was empty.

Dungeon Overview and Level Annotations

Branches:
Dungeon (8/15)             Temple (1/1) D:5           Sewer (visited)
   Lair: D:8-11

Altars:
Ashenzari
Cheibriados
Dithmenos
Elyvilon
Fedhas
Gozag
Hepliaklqana
Nemelex Xobeh
Okawaru
Qazlal
Trog
Uskayaw
Wu Jian
Xom
Yredelemnul
Zin
The Shining One
Jiyva

Shops:
D:3 =   D:4 (

Annotations:
D:6 1 runed translucent door, exclusion: door, ymhsbmbesitwf's ghost, novice HOFi
D:8 1 transporter


Innate Abilities, Weirdness & Mutations

You are immune to sickness and miasma.
You are immune to poison.
Your flesh is very heat resistant. (rF++)
You are vulnerable to cold. (rC-)
You float through the air rather than walking.
You learn spells naturally, not from books.
Your magical power is your life essence.
You have superior vitality. (+4 MHP)


Message History

The large slime creature is heavily wounded.
The flame wave engulfs the slime creature!
The slime creature is moderately wounded.
The large slime creature is no longer more vulnerable to fire.
The slime creature hits you but does no damage.
A wave of flame ripples out!
The flame wave engulfs the large slime creature!
The large slime creature is heavily wounded.
The flame wave engulfs the large slime creature!
The large slime creature is burned terribly!
The large slime creature is heavily wounded.
The flame wave engulfs the slime creature!
The slime creature is heavily wounded.
The flame wave engulfs the slime creature!
The slime creature is moderately wounded.
You finish channelling waves of flame.
The large slime creature is no longer more vulnerable to fire.
The large slime creature hits you!!
The large slime creature closely misses you.
The slime creature hits you!
* * * LOW HITPOINT WARNING * * *
Two slime creatures merge to form a very large slime creature.
Okay, then.
You feel much better. You block the slime creature's attack.
The large slime creature hits you.
Okay, then.
Casting: Flame Wave (dangerous; 9% risk of failure)
Confirm with . or Enter, or press ? or * to list all spells.
Casting: Flame Wave (dangerous; 9% risk of failure)
Press: ? - help, Dir - look around, f - activate A wave of flame ripples out!
The flame wave engulfs the large slime creature!
The large slime creature is heavily wounded.
The flame wave engulfs the very large slime creature!
The very large slime creature is heavily wounded.
The flame wave engulfs the slime creature!
The slime creature is heavily wounded. (Press . to intensify the flame waves.)
The very large slime creature hits you!!!
You die...

#.#....#.##......<...#....#.##...
..#.#..#.##..........#....#.##...
....#..#.######.####.#....#.##...
##.....#.# #.## #.####.#.##...
#......#.# ##..###.# #)#.##...
#.....##.# #..©..#.####.#.##...
#.....##.# #######........#####
#......#.# .###.######)### ##
#......#.# ."#@#..# #.# #.
...###...# #[..JJJ...# #.# #.
.........# ###.....### #.# #.
.......#.## #:.._...# #.# #.
######.#..####....$### #.# #.
....).)....#.........# #.# #.
###.######.##=.#.#..# #.# #.
..#.#...)...##.###©######.# #.
#.#.#.####..########...##.# #.


You could see a very large slime creature, a large slime creature and a slime
creature.

Vanquished Creatures
  Maggie (D:6)
  2 yaks (D:8)
  Eustachio (D:6)
  A steam dragon (D:8)
  Duvessa (D:5)
  A water moccasin (D:7)
  2 orc warriors
  2 ice beasts (D:8)
  A black bear (D:6)
  An ogre (D:6)
  3 centaurs
  2 phantoms (D:5)
  A kobold brigand (D:7)
  6 bullfrogs
  4 necrophages
  A gnoll sergeant (D:6)
  5 scorpions
  8 wights (D:7)
  Dowan (D:5)
  3 howler monkeys (D:8)
  A lava snake (D:7)
  5 jellies
  6 hounds
  2 orc priests
  A gnoll bouda (D:7)
  2 iguanas (D:5)
  Ijyb (D:5)
  7 orc wizards
  13 gnolls
  9 adders
  A river rat (D:6)
  A shadow imp (D:8)
  3 worms
  A dart slug (D:1)
  28 orcs
  6 endoplasms
  15 giant cockroaches
  5 hobgoblins
  3 jackals (D:4)
  12 quokkas
  8 ball pythons
  2 bats (D:3)
  11 frilled lizards
  11 goblins
  8 kobolds
  7 rats
  A spectral orc (D:8)
217 creatures vanquished.

Vanquished Creatures (others)
  A yak (D:8)
  629 foxfires
630 creatures vanquished.

Grand Total: 847 creatures vanquished

Notes
Turn   | Place    | Note
-------+----------+-------------------------------------------
     0 | D:1      | CungeonDrawl the Djinni Fire Elementalist began the quest
                  | for the Orb.
     0 | D:1      | CungeonDrawl set off with the following spells memorised:
                  | Foxfire, Scorch, Conjure Flame, Inner Flame, Flame Wave.
     0 | D:1      | Reached XP level 1. HP: 15/15 MP: 0/0
   180 | D:1      | Reached XP level 2. HP: 16/21 MP: 0/0
   804 | D:1      | Reached XP level 3. HP: 22/25 MP: 0/0
   804 | D:1      | Learned a level 1 spell: Necrotise
  1677 | D:2      | Identified the +11 chain mail "Sosyteom" {Rampage rC+ Dex+8
                  | Slay-5}
  1703 | D:2      | Found a faded altar of an unknown god.
  2215 | D:2      | Reached XP level 4. HP: 28/31 MP: 0/0
  2675 | D:3      | Reached XP level 5. HP: 34/35 MP: 0/0
  2675 | D:3      | Learned a level 2 spell: Poisonous Vapours
  2940 | D:3      | Reached XP level 6. HP: 32/40 MP: 0/0
  2985 | D:3      | Found Zutemeg's One-of-a-Kind Rings.
  2991 | D:3      | Reached skill level 5 in Spellcasting
  3018 | D:3      | Identified the +3 dagger of the Forgotten Shrikes {spect,
                  | rPois rC+ Will- Dex+3}
  3407 | D:4      | Reached XP level 7. HP: 45/45 MP: 0/0
  3407 | D:4      | Learned a level 2 spell: Static Discharge
  3532 | D:4      | Reached skill level 1 in Fighting
  3945 | D:4      | Found Zikeh's Antique Weapon Shoppe.
  4040 | D:5      | Entered Level 5 of the Dungeon
  4113 | D:5      | Reached skill level 2 in Fighting
  4124 | D:5      | Identified the +10 rapier of the Priest {spect, +Blink
                  | Dex+5}
  4268 | D:5      | Noticed Dowan
  4270 | D:5      | Noticed Duvessa
  4275 | D:5      | Killed Dowan
  4276 | D:5      | Reached skill level 3 in Fighting
  4282 | D:5      | Found a staircase to the Ecumenical Temple.
  4297 | D:5      | Reached skill level 4 in Fighting
  4325 | D:5      | Killed Duvessa
  4326 | D:5      | Reached skill level 5 in Fighting
  4326 | D:5      | Reached XP level 8. HP: 59/59 MP: 0/0
  4450 | D:5      | Noticed Ijyb
  4467 | D:5      | Killed Ijyb
  4470 | D:5      | Reached skill level 6 in Fighting
  4628 | D:5      | Found a white marble altar of Elyvilon.
  5167 | Temple   | Entered the Ecumenical Temple
  5329 | D:3      | Bought the ring of Sibiliq {rC+ Int+3 Dex+2 Stlth+} for 261
                  | gold pieces
  5431 | D:6      | Noticed Eustachio
  5441 | D:6      | Noticed Maggie
  5442 | D:6      | Reached skill level 7 in Fighting
  5463 | D:6      | Killed Maggie
  5464 | D:6      | Reached skill level 8 in Fighting
  5464 | D:6      | Reached XP level 9. HP: 26/71 MP: 0/0
  5464 | D:6      | Learned a level 3 spell: Portal Projectile
  5464 | D:6      | Killed Eustachio
  5612 | D:6      | Reached skill level 9 in Fighting
  5615 | D:6      | Identified the +0 leather armour of the Ward {*Corrode
                  | +Blink rPois rF-}
  5852 | D:6      | Reached skill level 1 in Armour
  5984 | D:6      | Found a glowing drain.
  5988 | Sewer    | Entered a sewer
  6112 | Sewer    | Reached skill level 1 in Shields
  6290 | D:6      | Found a runed translucent door.
  6290 | D:6      | Found a shimmering altar of Xom.
  6290 | D:6      | Noticed ymhsbmbesitwf's ghost (novice HOFi)
  6290 | D:6      | Noticed a +1 mace of chaos
  6771 | D:7      | Identified the +7 mace of the Pit {vorpal, Fragile rElec
                  | rCorr Int-4}
  6775 | D:7      | Reached XP level 10. HP: 76/78 MP: 0/0
  7431 | D:8      | Found a broken altar of Ashenzari.
  7531 | D:8      | Found a hazy altar of Hepliaklqana.
  7672 | D:8      | Identified the +0 ring mail of the Invisible Beasts {Dex+6}
  7740 | D:8      | Found a transporter.
  7740 | D:8      | Found a transporter.
  7742 | D:8      | Reached skill level 10 in Fighting
  8182 | D:8      | Noticed a catoblepas
  8348 | D:8      | Found a viscous altar of Jiyva.
  8506 | D:8      | Mangled by a very large slime creature

Illustrated notes

Levels and vault maps discovered:
D:1:      lemuel_arrival_hallway, layout_basic, st_stairs_5
D:2:      layout_loops_ring, hellmonk_ecumenical_altar_blasted,
          grunt_ministairs_2, nrook_uturn
D:3:      layout_loops_cross, kennysheep_path_1, nicolae_shop_unique_rings,
          minmay_misc_feat_hallway
D:4:      layout_basic, serial_shops, kennysheep_mini_moat
D:5:      layout_basic, marbit_many_paths, temple_pool_b, minmay_misc_feat_five,
          uniq_ijyb, uniq_duvessa
D:6:      layout_basic, gup_sewer_entry_spiral, ebering_ghost_xom,
          uniq_eustachio, uniq_maggie
D:7:      layout_loops_ring, kennysheep_dice
D:8:      gammafunk_jiyva_shrine, layout_basic,
          nicolae_hepliaklqana_monster_ancestors, cheibrodos_ashenzari_chains,
          minmay_fractal_squares_diagonal_5
Temple:   sentei_temple_godly_chess

Skill      XL: |  1  2  3  4  5  6  7  8  9 10 |
---------------+-------------------------------+-----
Spellcasting   | 3 4 5 7 |  7.2
Fighting       | 5 8 9 10 | 10.5
Armour         | 4 |  4.0
Shields        | 4 |  4.0
Dodging        | |  2.3
Stealth        | |  1.7

Action                   |  1- 3 |  4- 6 |  7- 9 | 10-12 || total
-------------------------+-------+-------+-------+-------++-------
 Cast: Foxfire           |    63 |    49 |   135 |   138 ||   385
       Scorch            |     8 |    22 |    88 |    48 ||   166
       Poisonous Vapours |       |       |    28 |    18 ||    46
       Static Discharge  |       |       |     1 |       ||     1
       Flame Wave        |       |       |       |     2 ||     2
  Use: Scroll            |       |     3 |     3 |     2 ||     8
       Potion            |       |       |       |     1 ||     1
Armor: Robe              |       |     1 |       |       ||     1
       Acid dragon scale |       |       |     3 |    10 ||    13
Dodge: Dodged            |     1 |     4 |    17 |    13 ||    35
Block: Buckler           |       |       |     5 |    11 ||    16
